 Dungeon Crawl Stone Soup version 0.29.0-5-ge4962eb29e (webtiles) character file.

Game seed: 1921534776606889335

44 ImASeal the Shield-Bearer (level 3, -3/36 HPs)
             Began as a Troll Fighter on Aug 29, 2022.
             Slain by Sigmund
             ... wielding a +4 scythe
              (8 damage)
             ... on level 2 of the Dungeon.
             The game lasted 00:03:18 (761 turns).

ImASeal the Shield-Bearer (Troll Fighter)            Turns: 761, Time: 00:03:19

Health: -3/36      AC:  4    Str: 32    XL:     3   Next: 41%
Magic:  2/2        EV:  8    Int:  4    God:
Gold:   65         SH:  7    Dex:  9    Spells: 2/2 levels left

rFire   . . .      SeeInvis .   a - +0 flail
rCold   . . .      Faith    .   c - +0 kite shield
rNeg    . . .      Spirit   .   b - +0 robe
rPois   .          Reflect  .   (helmet restricted)
rElec   .          Harm     .   (no cloak)
rCorr   .          Rampage  .   (gloves unavailable)
Will    .....                   (boots unavailable)
Stlth   +.........              (no amulet)
HPRegen 0.92/turn               i - +6 ring of strength
MPRegen 0.08/turn               (no ring)

@: mighty
A: large, unfitting armour, claws 3, regeneration 1, shaggy fur 1, tough skin 1
a: no special abilities


You were on level 2 of the Dungeon.
You visited 1 branch of the dungeon, and saw 2 of its levels.

You collected 65 gold pieces.

Inventory:

Hand Weapons
 a - a +0 flail (weapon)
Missiles
 k - 5 stones (quivered)
Armour
 b - a +0 robe (worn)
 c - a +0 kite shield (worn)
Jewellery
 i - a +6 ring of strength (left claw)
Scrolls
 g - a scroll of enchant weapon {unknown}
 h - a scroll of identify {unknown}
Potions
 e - 2 potions of attraction {unknown}
 f - a potion of mutation {unknown}
 j - a potion of heal wounds {unknown}


   Skills:
 + Level 2.6 Fighting
 + Level 2.2 Maces & Flails
 + Level 2.9 Dodging
 + Level 3.1 Shields


You had 2 spell levels left.
You didn't know any spells.
Your spell library was empty.

Dungeon Overview and Level Annotations

Branches:
Dungeon (2/15)

Altars:

Shops:
D:1 *[=:?

Annotations:
D:2 Sigmund


Innate Abilities, Weirdness & Mutations

You are too large for most types of armour.
You have claws for hands.
Your natural rate of healing is unusually fast.
You are covered in fur. (AC +1)
You have tough skin. (AC +1)


Message History

You hit the endoplasm.
The endoplasm is severely wounded.
The endoplasm freezes you.
You are frozen.
Sigmund closely misses you. The endoplasm freezes you.
You are frozen.
You sock the endoplasm!
You kill the endoplasm!
Sigmund casts a spell at you.
You are confused.
You are too confused!
You are too confused!
Sigmund barely misses you.
Sigmund mumbles some strange words.
Sigmund flickers and vanishes!
Deactivating autopickup; reactivate with Ctrl-A.
You hear some strange, mumbled words.
A puff of flame appears from out of thin air!
The puff of flame hits you!
You hear some strange, mumbled words.
Something tries to affect you, but you resist.
Something hits you.
You feel less confused. Something hits you.
You miss something. Something hits you.
You closely miss something. Something hits you.
You miss something. Something hits you!
* * * LOW HITPOINT WARNING * * *
You miss something. Something hits you.
* * * LOW HITPOINT WARNING * * *
You feel very mighty all of a sudden.
You closely miss something. Something hits you.
* * * LOW HITPOINT WARNING * * *
You barely miss something.
You hear some strange, mumbled words.
Something tries to affect you, but you resist.
You barely miss something. Something hits you.
* * * LOW HITPOINT WARNING * * *
You closely miss something. Something hits you!
You die...

### .. ####.# #
#....#......
##.#..#.....
#.....##.#..
#.@{....... #
#.........#.#
#...####..#.#
#.##[$.#....#
#.##.#.##<#
#.##.#...##
#.............#
###.........#(#
#.......#...#


There were no monsters in sight!

Vanquished Creatures
  A gnoll (D:1)
  A ball python (D:1)
  6 endoplasms
  A giant cockroach (D:1)
  4 goblins (D:1)
  4 hobgoblins (D:1)
  2 kobolds (D:1)
  2 quokkas (D:1)
  3 bats (D:1)
  3 frilled lizards (D:1)
  4 rats
31 creatures vanquished.

Notes
Turn   | Place    | Note
-------+----------+-------------------------------------------
     0 | D:1      | ImASeal the Troll Fighter began the quest for the Orb.
     0 | D:1      | Reached XP level 1. HP: 22/22 MP: 0/0
    76 | D:1      | Found Sogiapra's Book Shoppe.
    96 | D:1      | Reached XP level 2. HP: 26/29 MP: 1/1
   120 | D:1      | Reached skill level 3 in Shields
   231 | D:1      | Found Rotics's Magic Scroll Emporium.
   268 | D:1      | Reached XP level 3. HP: 36/36 MP: 2/2
   535 | D:1      | Found Joneawn's Antique Armour Emporium.
   587 | D:1      | Found Sask's Assorted Antiques.
   589 | D:1      | Found Qagapaxt's Jewellery Shoppe.
   742 | D:2      | Noticed Sigmund
   761 | D:2      | Slain by Sigmund

Illustrated notes

Levels and vault maps discovered:
D:1:      nicolae_arrival_washed_ashore, layout_basic, serial_shops,
          nicolae_square_shop, nicolae_shop_stone, nicolae_lakefront_shop, shop,
          shop
D:2:      layout_basic, uniq_sigmund, uniq_natasha

Skill      XL: |  1  2 |
---------------+-------+-----
Maces & Flails | 2 |  2.2
Shields        | 3 |  3.1
Fighting       | |  2.6
Dodging        | |  2.9

Action                   || total
-------------------------++-------
Melee: Flail             ||   110
  Use: Potion            ||     1
Armor: Robe              ||    47
Dodge: Dodged            ||    61
Block: Kite shield       ||    46
